 Seeded DCSS version 0.27-a0-1228-gfd60fd639a (webtiles) character file.

Game seed: 49 (custom seed)

98 Snicker the Sneak (level 4, 0/21 HPs)
             Began as a Spriggan Enchanter on June 7, 2021.
             Killed by divine providence
             ... invoked by an orc priest
              (14 damage)
             ... on level 3 of the Dungeon.
             The game lasted 00:05:53 (2984 turns).

Snicker the Sneak (Spriggan Enchanter)              Turns: 2984, Time: 00:05:54

Health: 0/21       AC:  2    Str:  5    XL:     4   Next: 43%
Magic:  9/9        EV: 17    Int: 16    God:
Gold:   84         SH:  0    Dex: 15    Spells: 2/8 levels left

rFire    . . .     SeeInvis +   a - +0 dagger (drain)
rCold    . . .     Faith    .   (shield restricted)
rNeg     . . .     Spirit   .   b - +0 robe
rPois    .         Reflect  .   (helmet restricted)
rElec    .         Harm     .   (no cloak)
rCorr    .         Rampage  .   (gloves unavailable)
Will     .....                  (boots unavailable)
Stlth    ++++......             (no amulet)
HPRegen  0.07/turn              d - ring of wizardry
MPRegen  0.11/turn              (no ring)

@: very quick
A: very small, no large weapons, unfitting armour, see invisible, speed 3
a: no special abilities


You were on level 3 of the Dungeon.
You visited 1 branch of the dungeon, and saw 3 of its levels.

You collected 84 gold pieces.

Inventory:

Hand Weapons
 a - a +0 dagger of draining (weapon)
 c - a +1 dagger
Armour
 b - a +0 robe (worn)
Jewellery
 d - a ring of wizardry (left hand)
Wands
 k - a wand of iceblast (10)
Scrolls
 e - 2 scrolls of enchant armour {unknown}
 f - 5 scrolls of identify {unknown}
 i - a scroll of teleportation {unknown}
Potions
 g - a potion of brilliance {unknown}
 h - 3 potions of curing {unknown}
 j - a potion of attraction {unknown}


   Skills:
 * Level 2.3 Short Blades
 - Level 2.6 Dodging
 * Level 7.5 Stealth
 - Level 2.6 Spellcasting
 - Level 3.6 Hexes


You had 2 spell levels left.
You knew the following spells:

 Your Spells              Type           Power      Damage    Failure   Level
a - Corona                Hex            14%        N/A       1%          1
b - Ensorcelled Hibernat  Hex/Ice        14%        N/A       6%          2
c - Confusing Touch       Hex            13%        N/A       5%          3

Your spell library contained the following spells:

 Spells                   Type           Power      Damage    Failure   Level
 Tukima's Dance           Hex            13%        N/A       5%          3
 Dazzling Flash           Conj/Hex       14%        N/A       12%         3


Dungeon Overview and Level Annotations

Branches:
Dungeon (3/15)

Altars:
Makhleb


Innate Abilities, Weirdness & Mutations

You are very small and have problems with some larger weapons.
You are too small for most types of armour.
You have supernaturally acute eyesight. (SInv)
You cover ground extremely quickly. (Speed+++)


Message History

The water moccasin skeleton bites you.
* * * LOW HITPOINT WARNING * * *
You strike the helpless water moccasin skeleton from behind!
You puncture the water moccasin skeleton!
The water moccasin skeleton is severely damaged.
The water moccasin skeleton completely misses you.
You hit the water moccasin skeleton.
The water moccasin skeleton is severely damaged.
The water moccasin skeleton completely misses you.
You start resting.
Magic restored.
You start resting.
A water moccasin skeleton is nearby!
Found a stone staircase leading down.
There is a stone staircase leading down here.
You start resting.
You start resting.
HP restored.
Okay, then.
Unknown command.
Unknown command.
Unknown command.
There is a stone staircase leading up here.
You open the door.
Found a burning altar of Makhleb.
There is an open door here.
There is an open door here.
An orc priest comes into view. It is wielding a +0 club.
An orc priest is nearby! 2 orcs come into view.
An orc comes into view.
It is wielding a +0 hand axe and quivering silver boomerangs.
The orc shouts! x2; The orc priest shouts!
An orc comes into view. It is wielding a +0 club.
The orc shouts! x2
You hit the orc but do no damage. The orc hits you with a +0 mace!
The orc priest casts a cantrip, but nothing happens.
The orc priest invokes the aid of Beogh against you.
Beogh smites you!
Ouch! That really hurt!
You die...

........##.######
###......#.######
................
####.#.#.#..#####
#.#.#.#..#
#.#......#
#.###.####
#.#########.###.#
#.oo.o.@........#
.....oo#############
#######


You could see an orc priest and 4 orcs.

Vanquished Creatures
  Terence (D:2)
  2 adders (D:2)
  3 worms
  3 ball pythons
  9 bats
  4 endoplasms (D:2)
  A giant cockroach (D:1)
  5 goblins
  2 hobgoblins
  5 kobolds
  4 quokkas
  6 rats
45 creatures vanquished.

Notes
Turn   | Place    | Note
-------+----------+-------------------------------------------
     0 | D:1      | Snicker the Spriggan Enchanter began the quest for the Orb.
     0 | D:1      | Reached XP level 1. HP: 9/9 MP: 5/5
   403 | D:1      | Reached skill level 5 in Stealth
   632 | D:1      | Reached XP level 2. HP: 10/13 MP: 6/6
   714 | D:1      | Identified a scroll of acquirement
   714 | D:1      | Acquired a ring of wizardry
  1383 | D:2      | Reached skill level 6 in Stealth
  1383 | D:2      | Reached XP level 3. HP: 16/16 MP: 8/8
  1501 | D:2      | Found a faded altar of an unknown god.
  1736 | D:1      | Learned a level 2 spell: Ensorcelled Hibernation
  1963 | D:2      | Noticed Terence
  1970 | D:2      | Killed Terence
  1971 | D:2      | Reached skill level 7 in Stealth
  1971 | D:2      | Reached XP level 4. HP: 21/21 MP: 9/9
  2223 | D:2      | Learned a level 3 spell: Confusing Touch
  2906 | D:3      | Found a burning altar of Makhleb.
  2984 | D:3      | Killed from afar by an orc priest

Illustrated notes

Levels and vault maps discovered:
D:1:      sevenhm_arrival_forest_fort_small_4, layout_loops_ring
D:2:      layout_basic, shapermc_ecumenical_altar_gd, serial_bayou_pond_e,
          uniq_terence
D:3:      layout_loops_ring, nicolae_qazlal_eye_of_the_storm,
          lightli_temple_of_fire

Skill      XL: |  1  2  3 |
---------------+----------+-----
Stealth        | 5 6 7 |  7.5
Short Blades   | 2 |  2.3
Dodging        | |  2.6
Spellcasting   | |  2.6
Hexes          | |  3.6

Action                   |  1- 3 |  4- 6 || total
-------------------------+-------+-------++-------
Melee: Dagger            |    70 |    50 ||   120
 Cast: Ensorcelled Hiber |     1 |     2 ||     3
       Confusing Touch   |       |     1 ||     1
  Use: Scroll            |     1 |       ||     1
 Stab: Sleeping          |    13 |     7 ||    20
       Confused          |       |     1 ||     1
Armor: Robe              |    12 |     1 ||    13
Dodge: Dodged            |    56 |    31 ||    87

Table legend: (Time is in decaauts)
 A = Elapsed time spent in this place.
 B = Non-inter-level travel time spent in this place.
 C = Inter-level travel time spent in this place.
 D = Time resting spent in this place.
 E = Time spent auto-exploring this place.
 F = Levels seen in this place.
 G = Mean time per level.
                   A        B        C        D        E       F      G
               +--------+--------+--------+--------+--------+-----+--------+
         Total |   2394 |   2359 |     35 |    641 |   1358 |   3 |  798.0 |
       Dungeon |   2394 |   2359 |     35 |    641 |   1358 |   3 |  798.0 |
               +--------+--------+--------+--------+--------+-----+--------+

Top non-repeatable levels by time:
     D:1: 1235 daAuts
     D:2: 597 daAuts
     D:3: 561 daAuts
